 Dungeon Crawl Stone Soup version 0.19.5 (webtiles) character file.

150 yevrey the Conjurer (level 5, -1/28 HPs)
             Began as a Deep Elf Conjurer on May 11, 2017.
             Slain by a bullfrog skeleton (4 damage)
             ... on level 5 of the Dungeon.
             The game lasted 00:10:49 (3224 turns).

yevrey the Conjurer (Deep Elf Conjurer)             Turns: 3224, Time: 00:10:50

Health: -1/28      AC:  2    Str:  5    XL:     5   Next: 10%
Magic:  5/13       EV: 13    Int: 21    God:
Gold:   204        SH:  0    Dex: 15    Spells: 4 memorised, 2 levels left

rFire  . . .     SeeInvis .     n - +0 rapier
rCold  . . .     Gourm    .     a - +0 robe
rNeg   . . .     Faith    .     (no shield)
rPois  .         Spirit   .     (no helmet)
rElec  .         Reflect  .     (no cloak)
rCorr  .         Harm     .     (no gloves)
MR     .....                    (no boots)
Stlth  ++........               (no amulet)
                                (no ring)
                                (no ring)

@: no status effects
A: no striking features
a: no special abilities


You were on level 5 of the Dungeon.
You were not hungry.

You visited 1 branch of the dungeon, and saw 5 of its levels.

You collected 204 gold pieces.

Inventory:

Hand Weapons
 n - a +0 rapier (weapon)
Missiles
 h - 33 arrows (quivered)
Armour
 a - a +0 robe (worn)
Jewellery
 e - an uncursed amulet of regeneration {unknown}
 f - an uncursed amulet of harm {unknown}
 i - an uncursed ring of fire {unknown}
 j - an uncursed ring of protection from magic {unknown}
 r - a +3 ring of protection {unknown}
 t - a cursed amulet of inaccuracy {unknown}
 A - a +1 ring of evasion {unknown}
Wands
 x - a wand of slowing (9/48)
Scrolls
 d - a scroll of fear
 p - 2 scrolls of teleportation {unknown}
 s - 2 scrolls of remove curse {unknown}
Potions
 k - a potion of heal wounds {unknown}
 l - 2 potions of lignification {unknown}
 m - 2 potions of curing {unknown}
 o - a potion of might {unknown}
 u - a potion of flight {unknown}
 w - a potion of beneficial mutation {unknown}
 z - a potion of invisibility {unknown}
Books
 b - a book of Conjurations

   Spells                             Type                      Level
   a - Magic Dart                     Conjuration                  1
   b - Searing Ray                    Conjuration                  2
   c - Dazzling Spray                 Conjuration/Hexes            3
   d - Fulminant Prism                Conjuration/Hexes            4
   e - Iskenderun's Mystic Blast      Conjuration                  4
   f - Iskenderun's Battlesphere      Conjuration/Charms           5
Comestibles
 c - 3 bread rations
 q - a meat ration
 v - 2 beef jerkies


   Skills:
 + Level 2.5 Dodging
 + Level 3.2 Stealth
 + Level 4.3 Spellcasting
 + Level 6.0 Conjurations
 * Level 1.3 Hexes


You had 2 spell levels left.
You knew the following spells:

 Your Spells              Type           Power        Failure   Level  Hunger
a - Magic Dart            Conj           ####         1%          1    None
b - Searing Ray           Conj           ####..       1%          2    #......
c - Dazzling Spray        Conj/Hex       ###...       10%         3    ##.....
d - Iskenderun's Mystic   Conj           ####....     12%         4    ####...


Dungeon Overview and Level Annotations

Branches:
Dungeon (5/15)
 Temple: D:4-7

Altars:
Gozag


Message History

Aiming: Searing Ray
Press: ? - help, Shift-Dir - straight line, f - bullfrog skeleton
Aim: a bullfrog skeleton The searing ray hits the bullfrog skeleton.
The bullfrog skeleton is moderately damaged. (Press . to maintain the ray.)
The bullfrog skeleton hits you.
The searing ray hits the bullfrog skeleton.
The bullfrog skeleton is heavily damaged.
The bullfrog skeleton hits you.
* * * LOW HITPOINT WARNING * * *
The bullfrog skeleton hits you.
* * * LOW HITPOINT WARNING * * *
The searing ray hits the bullfrog skeleton.
The bullfrog skeleton is severely damaged.
The bullfrog skeleton hits you.
* * * LOW HITPOINT WARNING * * *
The bullfrog skeleton closely misses you.
The bullfrog skeleton hits you.
You die...

.............
#.#.#......#
#.#.....#
#.###.### #.# #.#
#.# #.######## #
##.###.........
#.##...##.########
#......@Z.#
####...#### ######
##.## .....# #.#
####.# #.#
#.#########.#
#.....(.....#
#############


You could see a bullfrog skeleton.

Vanquished Creatures
  A centaur skeleton (D:4)
  6 adders
  An ooze (D:5)
  A worm (D:3)
  2 dart slugs (D:2)
  3 leopard geckos
  5 orcs
  2 giant cockroaches
  8 goblins
  4 hobgoblins
  2 jackals (D:1)
  2 quokkas (D:2)
  5 bats
  7 frilled lizards
  A kobold (D:2)
  6 rats
56 creatures vanquished.

Notes
Turn   | Place    | Note
-------+----------+-------------------------------------------
     0 | D:1      | yevrey the Deep Elf Conjurer began the quest for the Orb.
     0 | D:1      | Reached XP level 1. HP: 10/10 MP: 6/6
   366 | D:1      | Reached XP level 2. HP: 15/15 MP: 4/8
   370 | D:1      | Learned a level 2 spell: Searing Ray
   427 | D:1      | Reached skill level 5 in Conjurations
   857 | D:2      | Reached XP level 3. HP: 19/19 MP: 5/9
   862 | D:2      | Learned a level 3 spell: Dazzling Spray
  1600 | D:2      | Reached XP level 4. HP: 24/24 MP: 6/11
  2304 | D:3      | Learned a level 4 spell: Iskenderun's Mystic Blast
  2381 | D:5      | Entered Level 5 of the Dungeon
  2875 | D:4      | Reached skill level 6 in Conjurations
  2875 | D:4      | Reached skill level 1 in Hexes
  3112 | D:5      | Reached XP level 5. HP: 24/28 MP: 9/13
  3157 | D:5      | Found an opulent altar of Gozag.
  3224 | D:5      | Slain by a bullfrog skeleton

Skill      XL: |  1  2  3  4 |
---------------+-------------+-----
Conjurations   | 5 6 |  6.0
Stealth        | 3 |  3.2
Spellcasting   | 4 |  4.3
Hexes          | 1 |  1.3
Dodging        | |  2.5

Action                   |  1- 3 |  4- 6 || total
-------------------------+-------+-------++-------
Melee: Rapier            |     4 |     3 ||     7
 Cast: Magic Dart        |    63 |    21 ||    84
       Searing Ray       |     1 |     8 ||     9
       Iskenderun's Myst |       |     1 ||     1
       Dazzling Spray    |       |     1 ||     1
  Use: Scroll            |       |     3 ||     3
  Eat: Chunk             |     2 |     5 ||     7
Armor: Robe              |     1 |     2 ||     3
Dodge: Dodged            |     5 |     9 ||    14
